AoeStats
← [RZ] HardZeeiRa-BR

Arabia

508515766Analyzed
1v1 RM · 10d ago on Sep 22, 2026· 27m 46s· 2 players
Game mode
Random Map
Map size
Tiny (2 player)
Population
200
Speed
Normal
Resources
Standard
Victory
Conquest
Starting age
Dark Age
Ending age
Imperial Age
RankedLock teamsTeams togetherTeam positionsShared explorationLock speedFull tech treeHidden civsTurbo modeCheats
Victory
Defeat
🇧🇷 Franks · Brazil
1188
+15
🇩🇪 Turks · Germany
1164
-15
Emin Aga9
7:59 Loom
11:30 Feudal Age
12:02 Double-Bit Axe
14:17 Horse Collar
17:28 Fletching
18:15 Padded Archer Armor
21:34 Wheelbarrow
24:38 Castle Age
23:09 Bloodlines
23:25 Forging
23:21 Scale Barding Armor
26:49 Iron Casting
26:34 Chain Barding Armor
[RZ] HardZeeiRa-BR
6:03 Loom
9:02 Feudal Age
9:43 Double-Bit Axe
17:47 Wheelbarrow
21:30 Castle Age
20:22 Scale Barding Armor
20:28 Gold Mining
21:02 Forging
22:36 Chain Barding Armor
22:29 Bow Saw
24:01 Husbandry
Connection lost

Rejoining the realm…

Still unreachable

The connection could not be restored.

Session expired

The server has moved on; the page needs a fresh start.